Map: Deathaura LE

Players

Has - Winner!

  • Race: Protoss Protoss
  • Spawn Location: 5:00

Rex

  • Race: Zerg Zerg
  • League: Master
  • Spawn Location: 11:00

Event: DreamHack SC2 Masters 2020 Winter

VOD

Have the link to the VOD?

Description

Time

  • Played on: Oct. 25, 2020, 7:57 a.m.
  • Length: 9:52

All games in this series

Show
View Real Time Build Order
Export as new Build Order

Has Protoss - Winner!

Build Orders: 1 Gate Expand 

Get SALT Encoding   

  12  0:00  Probe  
  13  0:12  Probe  
  14  0:17  Pylon  
  14  0:24  Probe  
  15  0:30  Assimilator  
  15  0:36  Probe (Chrono Boost)  
  16  0:42  Gateway  
  16  0:48  Probe (Chrono Boost)  
  17  0:53  Probe (Chrono Boost)  
  18  1:03  Probe  
  19  1:15  Probe  
  20  1:24  Nexus  
  20  1:33  Cybernetics Core  
  20  1:36  Probe  
  21  1:42  Assimilator  
  21  1:49  Pylon  
  22  1:59  Zealot (Chrono Boost)  
  23  2:12  Shield Battery  
  23  2:33  Adept (Chrono Boost)  
  25  2:41  Warp Gate  
  26  2:47  Probe x2 (Chrono Boost)  
  27  2:57  Adept  
  30  3:00  Probe x2 (Chrono Boost)  
  31  3:08  Probe (Chrono Boost)  
  31  3:10  Probe (Chrono Boost)  
  34  3:20  Twilight Council  
  34  3:21  Probe (Chrono Boost)  
  34  3:25  Probe (Chrono Boost)  
  34  3:26  Stalker  
  34  3:27  Probe (Chrono Boost)  
  37  3:32  Probe (Chrono Boost)  
  39  3:35  Probe (Chrono Boost)  
  40  3:47  Probe (Chrono Boost)  
  42  3:50  Probe (Chrono Boost)  
  42  3:52  Pylon  
  42  3:54  Probe (Chrono Boost)  
  43  3:57  Assimilator, Probe (Chrono Boost)  
  43  4:00  Resonating Glaives (Chrono Boost)  
  43  4:01  Probe  
  45  4:08  Probe  
  46  4:13  Probe  
  47  4:20  Probe  
  47  4:21  Gateway  
  46  4:25  Gateway, Probe  
  46  4:27  Gateway  
  47  4:31  Pylon  
  47  4:34  Adept  
  49  4:39  Probe  
  49  4:40  Probe  
  49  4:43  Assimilator  
  49  4:45  Dark Shrine  
  51  4:52  Pylon, Probe  
  52  4:58  Probe  
  53  5:03  Adept  
  53  5:06  Probe  
  56  5:10  Probe  
  57  5:15  Nexus  
  57  5:16  Pylon  
  57  5:20  Adept x2  
  61  5:21  Probe  
  61  5:22  Probe  
  61  5:27  Adept  
  65  5:35  Adept  
  67  5:47  Adept x3  
  73  5:50  Probe  
  73  5:51  Pylon  
  74  5:59  Forge  
  74  6:07  Probe x2  
  74  6:08  Charge  
  76  6:12  Dark Templar x4  
  84  6:19  Probe  
  84  6:20  Robotics Facility  
  84  6:21  Probe  
  86  6:27  Probe  
  86  6:28  Protoss Ground Weapons Level 1 (Chrono Boost)  
  86  6:31  Probe  
  88  6:35  Probe  
  88  6:39  Probe  
  90  6:43  Probe  
  83  6:47  Probe  
  83  6:51  Probe  
  85  6:55  Probe  
  85  6:56  Stalker x3, Sentry  
  85  6:59  Shield Battery, Probe  
  85  7:01  Shield Battery  
  93  7:03  Assimilator x2, Photon Cannon, Probe, Immortal (Chrono Boost)  
  98  7:11  Pylon  
  98  7:13  Pylon  
  98  7:16  Gateway  
  98  7:22  Sentry  
  100  7:26  Immortal  
  100  7:31  Gateway  
  100  7:32  Gateway  
  100  7:34  Gateway, Probe (Chrono Boost)  
  105  7:38  Sentry x2  
  105  7:44  Gateway  
  109  7:47  Gateway  
  109  7:50  Blink  
  108  7:52  Probe  
  108  7:53  Pylon  
  108  7:55  Pylon  
  108  7:58  Dark Templar x2  
  113  8:03  Archon  
  113  8:04  Zealot x2  
  117  8:12  Observer (Chrono Boost)  
  118  8:15  Pylon  
  118  8:20  Zealot  
  118  8:23  Warp Prism (Chrono Boost)  
  118  8:26  Dark Templar x2  
  126  8:27  Zealot  
  126  8:28  Zealot  
  126  8:29  Zealot  
  126  8:30  Archon  
  132  8:40  Dark Templar x2, Zealot  
  132  8:41  Zealot  
  140  8:44  Archon  
  140  8:51  Pylon  
  140  8:52  Pylon  
  132  9:10  Zealot x8  
  134  9:29  Zealot x2  
  134  9:30  Zealot x8  
Show
View Real Time Build Order
Export as new Build Order

Rex Zerg 

Build Orders: Pool First 

Get SALT Encoding   

  12  0:18  Spawning Pool  
  11  0:22  Drone  
  11  0:26  Drone  
  13  0:31  Drone  
  14  0:40  Overlord  
  14  1:05  Zergling x6  
  17  1:17  Zergling x2  
  18  1:19  Hatchery  
  17  1:27  Zergling x2  
  18  1:37  Queen  
  18  1:38  Zergling x2  
  21  1:50  Overlord  
  21  2:10  Drone  
  21  2:11  Drone  
  23  2:16  Queen  
  24  2:23  Drone  
  22  2:34  Drone x2  
  22  2:35  Queen  
  26  2:42  Drone x2  
  27  2:47  Drone, Overlord  
  27  2:49  Drone  
  29  2:54  Drone  
  29  2:55  Drone  
  31  3:03  Drone  
  31  3:05  Overlord  
  31  3:16  Drone  
  31  3:17  Drone  
  31  3:19  Drone x3  
  36  3:29  Hatchery  
  36  3:33  Zergling x2  
  36  3:34  Zergling x2  
  37  3:35  Zergling x2  
  37  3:38  Drone  
  37  3:39  Drone  
  40  3:42  Extractor x2  
  40  3:45  Drone  
  39  3:49  Zergling x2  
  39  3:52  Drone x4  
  44  3:57  Drone x3  
  47  4:02  Drone  
  47  4:08  Drone  
  48  4:14  Evolution Chamber  
  46  4:17  Drone  
  46  4:18  Drone  
  46  4:23  Overlord  
  49  4:26  Overlord  
  49  4:28  Overlord x2  
  49  4:38  Overlord x2  
  49  4:44  Roach Warren  
  48  4:46  Drone x4  
  48  4:49  Lair  
  48  4:51  Drone  
  48  4:52  Drone, Extractor  
  53  5:01  Evolution Chamber, Overlord  
  52  5:07  Drone  
  52  5:08  Drone x5  
  52  5:13  Zergling x6  
  61  5:26  Roach x5  
  70  5:30  Metabolic Boost  
  70  5:33  Spore Crawler  
  70  5:35  Spore Crawler  
  68  5:37  Roach x2  
  72  5:44  Roach x3  
  78  5:51  Glial Reconstitution  
  78  5:52  Overlord  
  78  5:55  Roach  
  78  5:56  Roach  
  82  6:02  Roach  
  82  6:03  Roach  
  86  6:07  Evolution Chamber  
  86  6:08  Overlord  
  86  6:10  Overseer  
  85  6:16  Overseer  
  85  6:18  Drone x9  
  94  6:29  Overseer  
  94  6:30  Drone x2  
  94  6:31  Drone x5  
  101  6:36  Evolution Chamber  
  101  6:39  Drone x2  
  102  6:43  Drone x3  
  100  6:48  Drone x2  
  91  6:55  Hatchery  
  90  7:17  Overlord x2  
  90  7:24  Zerg Missile Weapons Level 1  
  90  7:25  Roach x5  
  100  7:32  Overlord x2  
  100  7:36  Drone x3  
  103  7:42  Extractor  
  103  7:43  Roach  
  104  7:50  Drone x3  
  107  7:52  Overseer  
  107  7:56  Roach x2  
  111  8:04  Drone x2, Spire  
  111  8:07  Drone  
  111  8:08  Extractor x2  
  111  8:10  Infestation Pit  
  111  8:12  Drone  
  111  8:13  Queen  
  111  8:15  Drone x4  
  117  8:23  Hatchery, Ravager x4  
  120  8:30  Zergling x12  
  120  8:33  Ravager x2  
  127  8:38  Roach  
  129  8:46  Roach x6  
  141  8:55  Roach x5  
  144  9:03  Roach  
  144  9:07  Roach x2  
  145  9:11  Roach x3  
  145  9:14  Roach x4  
  141  9:21  Roach x2  
  130  9:27  Roach  
  130  9:28  Roach x4  
Tags
 
Add a new tag
Caveats
  • Supply blocks, unpowered buildings, or Contaminate may cause inaccurate times.
  • Supply counts are checked every 10 seconds.